 Dungeon Crawl Stone Soup version 0.21-a0-531-gacddea6 (webtiles) character file.

7752 Amnesiac the Geomancer (level 11, -7/68 HPs)
             Began as a Deep Elf Earth Elementalist on Dec 12, 2017.
             Was an Elder of Sif Muna.
             Killed from afar by a gargoyle (18 damage)
             ... with a stone arrow
             ... on level 10 of the Dungeon.
             The game lasted 00:28:21 (12399 turns).

Amnesiac the Geomancer (DEEE)                      Turns: 12399, Time: 00:28:22

Health: -7/68      AC:  8    Str:  5    XL:     11   Next: 0%
Magic:  11/26      EV: 16    Int: 24    God:    Sif Muna [****..]
Gold:   510        SH:  0    Dex: 18    Spells: 13/28 levels left

rFire    . . .     SeeInvis .   b - +1 shortbow (flame)
rCold    . . .     Gourm    .   (shield currently unavailable)
rNeg     . . .     Faith    +   W - +3 leather armour {rPois}
rPois    +         Spirit   .   C - +0 helmet
rElec    .         Reflect  .   T - +0 cloak
rCorr    .         Harm     .   (no gloves)
MR       ++...                  (no boots)
Stlth    +++.......             B - amulet of faith
HPRegen  0.21/turn              w - +3 ring of dexterity
MPRegen  0.20/turn              c - ring of protection from magic

@: divine energy
A: no striking features
a: Stop Divine Energy, Channel Magic, Forget Spell, Renounce Religion


You were on level 10 of the Dungeon.
You worshipped Sif Muna.
Sif Muna was greatly pleased with you.
You were not hungry.

You visited 2 branches of the dungeon, and saw 11 of its levels.

You collected 559 gold pieces.
You spent 49 gold pieces at shops.

Inventory:

Hand Weapons
 a - a +3 hunting sling of freezing
 b - a +1 shortbow of flaming (weapon)
 n - a +1 dagger of speed
 y - a +2 falchion of slicing
 F - a +2 dagger of protection
Missiles
 h - 37 poisoned needles
 G - 80 arrows (quivered)
 X - 17 sling bullets
Armour
 C - a +0 helmet (worn)
 J - a +0 buckler
 T - a +0 cloak (worn)
 W - a +3 leather armour of poison resistance (worn)
Jewellery
 c - a ring of protection from magic (right hand)
 w - a +3 ring of dexterity (left hand)
 A - an uncursed ring of fire
 B - an amulet of faith (around neck)
Wands
 q - a wand of iceblast (22)
 I - a wand of random effects (23)
 U - a wand of disintegration (8)
Scrolls
 g - 2 scrolls of enchant armour {!r}
 i - 6 scrolls of teleportation {!r}
 k - 3 scrolls of magic mapping {!r, unknown}
 o - a scroll of noise {!r, unknown}
 s - 4 scrolls of amnesia {!r}
 z - 4 scrolls of blinking {!r, unknown}
 D - 4 scrolls of fog {!r}
 H - a scroll of summoning {!r, unknown}
 K - 2 scrolls of enchant weapon {!r, unknown}
 L - 2 scrolls of remove curse {!r}
 O - a scroll of fear {!r}
Potions
 f - 2 potions of brilliance {!q}
 j - 9 potions of curing {!q, unknown}
 p - 2 potions of lignification {!q}
 t - a potion of agility {!q}
 v - 2 potions of berserk rage {!q}
 x - 2 potions of heal wounds {!q}
 E - a potion of flight {!q}
 N - a potion of mutation {!q}
 P - a potion of resistance {!q}
 R - 3 potions of haste {!q}
 S - a potion of ambrosia {!q}
Books
 e - a book of Geomancy

   Spells                             Type                      Level
   a - Sandblast                      Earth                        1
   b - Passwall                       Transmutation/Earth          2
   c - Stone Arrow                    Conjuration/Earth            3
   d - Petrify                        Transmutation/Earth          4
   e - Lee's Rapid Deconstruction     Earth                        5
 M - a book of Flames

   Spells                             Type                      Level
   a - Flame Tongue                   Conjuration/Fire             1
   b - Throw Flame                    Conjuration/Fire             2
   c - Conjure Flame                  Conjuration/Fire             3
   d - Inner Flame                    Hexes/Fire                   3
   e - Sticky Flame                   Conjuration/Fire             4
   f - Fireball                       Conjuration/Fire             5
 Q - a book of Frost

   Spells                             Type                      Level
   a - Freeze                         Ice                          1
   b - Throw Frost                    Conjuration/Ice              2
   c - Ozocubu's Armour               Charms/Ice                   3
   d - Throw Icicle                   Conjuration/Ice              4
   e - Summon Ice Beast               Ice/Summoning                4
Comestibles
 d - 10 bread rations
 l - 5 royal jellies
 r - 3 meat rations


   Skills:
 - Level 8.0 Fighting
 - Level 8.0 Dodging
 - Level 4.0 Stealth
 + Level 3.2 Shields
 + Level 9.3 Spellcasting
 - Level 1.1 Transmutations
 * Level 10.7 Earth Magic


You had 13 spell levels left.
You knew the following spells:

 Your Spells              Type           Power        Failure   Level  Hunger
a - Stone Arrow           Conj/Erth      #####.       3%          3    None
b - Passwall              Tmut/Erth      #####.....   1%          2    None
c - Sandblast             Erth           ######       1%          1    None
d - Lee's Rapid Deconstr  Erth           ######....   3%          5    ####...
e - Petrify               Tmut/Erth      #####...     9%          4    ##.....


Dungeon Overview and Level Annotations

Branches:
Dungeon (10/15)            Temple (1/1) D:6            Lair (0/6) D:9
    Orc: D:9-12

Altars:
Ashenzari
Cheibriados
Dithmenos
Elyvilon
Fedhas
Gozag
Hepliaklqana
Kikubaaqudgha
Makhleb
Nemelex Xobeh
Okawaru
Qazlal
Ru
Sif Muna
Trog
Uskayaw
Vehumet
Wu Jian
Xom
Yredelemnul
Zin
The Shining One

Shops:
D:5 (   D:6 *


Message History

This raw flesh tastes terrible.
A hornet appears from thin air!
A hornet is nearby!
You start resting.
You start resting.
A gargoyle comes into view. It is wielding a morningstar.
Casting: Stone Arrow
Confirm with . or Enter, or press ? or * to list all spells.
Aiming: Petrify
Press: ? - help, Shift-Dir - straight line, f - hornet
Aim: a hornet (hasn't noticed you, chance to defeat MR: 58%)
The hornet buzzes angrily.
The hornet is moving more slowly.
The gargoyle hurls a stone arrow at you.
The stone arrow hits you!
* * * LOW HITPOINT WARNING * * *
The gargoyle hurls a stone arrow at you.
The stone arrow hits you!
* * * LOW HITPOINT WARNING * * *
You found a teleport trap!
Really walk into that teleport trap?
You enter a teleport trap!
The teleport trap disappears.
Your surroundings suddenly seem different.
An orc and an orc wizard come into view.
Found a stone staircase leading up.
The orc wizard shouts!
The orc wizard points at you and mumbles some strange words.
The magic dart hits you!
* * * LOW HITPOINT WARNING * * *
You hear a shout!
A two-headed ogre comes into view.
It is wielding a giant club and a giant spiked club.
The two-headed ogre shouts in stereo!
Casting: Petrify
Confirm with . or Enter, or press ? or * to list all spells.
Aiming: Lee's Rapid Deconstruction
Press: ? - help, Dir - move target cursor
Okay, then.
An orc wizard comes into view. It is wielding a dagger.
Casting: Lee's Rapid Deconstruction
Confirm with . or Enter, or press ? or * to list all spells.
Aiming: Stone Arrow
Press: ? - help, Shift-Dir - straight line, f - orc wizard
Aim: an orc wizard, wielding a dagger and wearing a robe The stone arrow hits the orc wizard.
The orc wizard is heavily wounded.
The orc wizard shouts!
You hear a shout!
The orc wizard begins to cast a cantrip, but forgets the words!
Unknown command.
Casting: Stone Arrow
Confirm with . or Enter, or press ? or * to list all spells.
Aiming: Stone Arrow
Press: ? - help, Shift-Dir - straight line, f/p - orc wizard
Aim: an orc wizard, wielding a dagger and wearing a robe (heavily wounded)
The stone arrow misses the orc wizard.
Unknown command.
The orc wizard hits you but does no damage.
The gargoyle hurls a stone arrow at you.
The stone arrow misses you.
The orc wizard looks satisfied for a moment.
A wraith comes into view.
The gargoyle hurls a stone arrow at you.
The stone arrow hits you!
You die...

##.o...# ..
........
####.####...#..#
#....#......o<
+....#.#....####
#......#...o....
#W.....#...#######
#.....9#..........
..#@#o..######.#
..#....O........
#.#......#####.#
#.#............
#.#.y..########
#######.#.......
###.......###..##
...........9...#
.#..##########.##


You could see a two-headed ogre, a hornet, a wraith (dormant) and a gargoyle.

Vanquished Creatures
  3 two-headed ogres
  Maurice (D:8)
  Joseph (D:7)
  A hippogriff (D:9)
  3 yaks (D:8)
  A hungry ghost (D:9)
  A water moccasin (D:8)
  The ghost of Amnesiac the Magician, an amateur DEWz (D:4)
  Duvessa (D:7)
  2 porcupines (D:9)
  An orc warrior (D:9)
  A black bear (D:8)
  3 ice beasts
  An eye of draining (D:9)
  3 ogres
  A phantom (D:4)
  4 centaurs
  A crocodile (D:6)
  A gnoll sergeant (D:5)
  7 bullfrogs
  3 scorpions
  Dowan (D:7)
  5 wights
  2 howler monkeys (D:6)
  A centaur zombie (D:7)
  4 crimson imps
  4 hounds
  2 jellies
  14 orc wizards
  11 orc priests
  Jessica (D:3)
  2 bullfrog skeletons
  Ijyb (D:3)
  An iguana (D:6)
  6 worker ants
  A worker ant zombie (D:9)
  11 adders
  5 gnolls (D:5)
  2 shadow imps
  An ooze (D:2)
  3 adder skeletons
  An adder zombie (D:7)
  4 worms
  2 dart slugs (D:2)
  6 leopard geckos
  41 orcs
  13 giant cockroaches
  5 goblins
  5 hobgoblins
  10 jackals
  6 quokkas
  4 ball pythons
  3 bats
  5 frilled lizards
  A jackal zombie (D:5)
  8 kobolds
  2 leopard gecko skeletons
  A leopard gecko zombie (D:5)
  5 rats
241 creatures vanquished.

Vanquished Creatures (others)
  7 fungi (D:9)
  3 plants (D:9)
10 creatures vanquished.

Grand Total: 251 creatures vanquished

Notes
Turn   | Place    | Note
-------+----------+-------------------------------------------
     0 | D:1      | Amnesiac the Deep Elf Earth Elementalist began the quest for the Orb.
     0 | D:1      | Reached XP level 1. HP: 10/10 MP: 6/6
    95 | D:1      | Reached skill level 1 in Fighting
   166 | D:1      | Reached XP level 2. HP: 16/16 MP: 6/8
   287 | D:1      | Learned a level 2 spell: Passwall
  1035 | D:2      | Reached XP level 3. HP: 21/21 MP: 5/9
  1040 | D:2      | Learned a level 3 spell: Stone Arrow
  1634 | D:2      | Reached XP level 4. HP: 27/27 MP: 6/10
  1778 | D:3      | Reached XP level 5. HP: 25/32 MP: 0/11
  1857 | D:3      | Learned a level 4 spell: Petrify
  2409 | D:3      | Found a snail-covered altar of Cheibriados.
  2410 | D:3      | Found an ancient bone altar of Kikubaaqudgha.
  2410 | D:3      | Found a hide-covered altar of Uskayaw.
  2411 | D:3      | Found an opulent altar of Gozag.
  2519 | D:3      | Noticed Ijyb
  2575 | D:3      | Killed Ijyb
  3190 | D:3      | Noticed Jessica
  3233 | D:3      | Killed Jessica
  3233 | D:3      | Reached XP level 6. HP: 38/38 MP: 2/12
  4085 | D:4      | Noticed Amnesiac's ghost (amateur DEWz)
  4099 | D:5      | Entered Level 5 of the Dungeon
  4122 | D:4      | Killed Amnesiac's ghost
  4122 | D:4      | Reached XP level 7. HP: 38/44 MP: 2/13
  4588 | D:4      | Reached skill level 5 in Fighting
  4588 | D:4      | Reached skill level 5 in Dodging
  5740 | D:5      | Found Irrunilo's Weapon Boutique.
  5979 | D:5      | Reached XP level 8. HP: 47/51 MP: 6/14
  6010 | D:5      | Found a shimmering altar of Xom.
  7876 | D:6      | Found a staircase to the Ecumenical Temple.
  7924 | D:6      | Found Jogyif's Assorted Antiques.
  7927 | D:6      | Bought a scroll labeled OTIYPEK WO XYU for 26 gold pieces
  7927 | D:6      | Bought a grey potion for 23 gold pieces
  8018 | Temple   | Entered the Ecumenical Temple
  8025 | Temple   | Became a worshipper of Sif Muna the Loreminder
  8313 | D:7      | Reached skill level 4 in Earth Magic
  8355 | D:7      | Reached XP level 9. HP: 39/57 MP: 0/16
  8535 | D:7      | Noticed Joseph
  8847 | D:7      | Reached skill level 5 in Earth Magic
  9016 | D:7      | Reached * piety under Sif Muna
  9120 | D:7      | Learned a level 5 spell: Lee's Rapid Deconstruction
  9168 | D:7      | Noticed Dowan
  9173 | D:7      | Noticed Duvessa
  9175 | D:7      | Killed Dowan
  9513 | D:7      | Reached skill level 5 in Spellcasting
  9647 | D:7      | Killed Duvessa
  9647 | D:7      | Reached skill level 6 in Earth Magic
  9850 | D:8      | Noticed Maurice
  9881 | D:8      | Noticed a two-headed ogre
  9973 | D:8      | Killed Maurice
  9995 | D:8      | Reached skill level 7 in Earth Magic
 10138 | D:8      | Reached ** piety under Sif Muna
 10164 | D:8      | Killed a two-headed ogre
 10164 | D:8      | Reached skill level 8 in Earth Magic
 10164 | D:8      | Reached XP level 10. HP: 62/64 MP: 0/22
 10583 | D:7      | Killed Joseph
 10743 | D:9      | Noticed a two-headed ogre
 10841 | D:9      | Noticed a two-headed ogre
 10944 | D:8      | Reached *** piety under Sif Muna
 10944 | D:8      | Reached skill level 1 in Shields
 10944 | D:8      | Reached skill level 9 in Earth Magic
 11782 | D:9      | Killed a two-headed ogre
 11782 | D:9      | Reached skill level 10 in Earth Magic
 11936 | D:9      | Found a staircase to the Lair.
 12026 | D:9      | Killed a two-headed ogre
 12026 | D:9      | Reached **** piety under Sif Muna
 12277 | D:9      | Reached XP level 11. HP: 68/68 MP: 0/26
 12289 | D:10     | Entered Level 10 of the Dungeon
 12303 | D:10     | Noticed a two-headed ogre
 12391 | D:10     | Noticed a two-headed ogre
 12399 | D:10     | Killed from afar by a gargoyle

Vault maps used:
D:1:      nzn_arrival_water_spiral
D:2:      first_bread
D:3:      chequers_temple_overflow_statue_of_worship, kennysheep_boxes,
          uniq_ijyb, uniq_jessica
D:5:      serial_shops, shop, xom_teletrap_fun
D:6:      temple_hall, serial_shops, kennysheep_mini
D:7:      uniq_joseph, uniq_duvessa
D:8:      uniq_maurice
D:9:      grunt_lair_entry_orc_guard_hut, serial_shops, shop_statue,
          special_room
D:10:     basic_altar, hangedman_stone_soup, st_stairs_4
Temple:   nicolae_temple_no_exploring_needed

Skill      XL: |  1  2  3  4  5  6  7  8  9 10 |
---------------+-------------------------------+-----
Fighting       | 1 2 3 4 6 7 8 |  8.0
Dodging        | 3 4 6 7 8 |  8.0
Stealth        | 3 4 |  4.0
Earth Magic    | 4 8 10 | 10.7
Spellcasting   | 7 9 |  9.3
Shields        | 3 |  3.2
Transmutations | |  1.1

Action                   |  1- 3 |  4- 6 |  7- 9 | 10-12 || total
-------------------------+-------+-------+-------+-------++-------
Melee: Dagger            |    36 |    38 |       |       ||    74
       Short sword       |       |     4 |       |       ||     4
       Falchion          |       |    13 |     3 |       ||    16
 Fire: Shortbow          |       |       |   261 |    81 ||   342
       Hunting sling     |       |       |       |    27 ||    27
Throw: Stone             |     2 |     1 |     4 |       ||     7
 Cast: Sandblast         |    45 |    14 |       |       ||    59
       Stone Arrow       |     5 |    49 |   127 |    98 ||   279
       Lee's Rapid Decon |       |       |     6 |       ||     6
       Petrify           |       |       |     1 |     3 ||     4
Invok: Divine Energy     |       |       |     1 |       ||     1
Evoke: Wand              |     1 |     8 |       |       ||     9
  Use: Scroll            |       |    11 |       |     7 ||    18
       Potion            |       |       |       |     4 ||     4
 Stab: Sleeping          |     1 |       |       |       ||     1
  Eat: Chunk             |     2 |    13 |    28 |     4 ||    47
       Fruit             |       |       |     2 |       ||     2
       Royal jelly       |       |       |     1 |       ||     1
       Bread ration      |       |       |       |     1 ||     1
Armor: Robe              |     7 |    20 |    19 |       ||    46
       Leather armour    |       |       |       |    24 ||    24
Dodge: Dodged            |    18 |    76 |   188 |    98 ||   380
       Rpst.: Falchion   |       |     8 |     4 |       ||    12

Table legend:
 A = Spawn XP
 B = Non-spawn XP
 C = Spawn XP percentage of total XP
 D = Spawn monster count
 E = Non-spawn monster count
 F = Spawn count percentage of total count
 G = Total turns spent on level
                    A         B        C        D         E        F      G
               +---------+---------+-------+---------+---------+-------+---------
         Total |       0 |   11075 |   0.0 |       0 |     241 |   0.0 | 12399
               +---------+---------+-------+---------+---------+-------+---------
           D:1 |       0 |      27 |   0.0 |       0 |      17 |   0.0 |   912
           D:2 |       0 |      77 |   0.0 |       0 |      26 |   0.0 |   976
           D:3 |       0 |     303 |   0.0 |       0 |      27 |   0.0 |  1660
           D:4 |       0 |     631 |   0.0 |       0 |      24 |   0.0 |  1671
           D:5 |       0 |     665 |   0.0 |       0 |      34 |   0.0 |  1552
           D:6 |       0 |     951 |   0.0 |       0 |      23 |   0.0 |  1777
           D:7 |       0 |    1469 |   0.0 |       0 |      23 |   0.0 |  1108
           D:8 |       0 |    2906 |   0.0 |       0 |      28 |   0.0 |  1865
           D:9 |       0 |    4005 |   0.0 |       0 |      38 |   0.0 |   753
          D:10 |       0 |      41 |   0.0 |       0 |       1 |   0.0 |   110
               +---------+---------+-------+---------+---------+-------+---------
